 Dungeon Crawl Stone Soup version 0.30-a0-778-g2ef04afb54 (webtiles) character file.

Game seed: 1669651647741845336

1603 kae the Destroyer (level 8, -3/61 HPs)
             Began as a Gargoyle Earth Elementalist on Feb 15, 2023.
             Was a Follower of Vehumet.
             Slain by a killer bee (8 damage)
             ... on level 7 of the Dungeon.
             The game lasted 00:07:14 (5772 turns).

kae the Destroyer (Gargoyle Earth Elementalist)     Turns: 5772, Time: 00:07:15

Health: -3/61      AC:  9    Str: 12    XL:     8   Next: 94%
Magic:  16/16      EV: 11    Int: 20    God:    Vehumet [*.....]
Gold:   232        SH:  0    Dex: 10    Spells: 11/17 levels left

rFire   . . .      SeeInvis .    t - +5 glaive of Integrity {venom, Contam Int+2 Stlth+}
rCold   . . .      Faith    .    (shield currently unavailable)
rNeg    + . .      Spirit   .    a - +0 robe
rPois   ∞          Reflect  .    l - +0 helmet
rElec   +          Harm     .    h - +0 cloak
rCorr   .          Rampage  .    (no gloves)
Will    .....                    (no boots) Stlth
                                 (no amulet)
HPRegen 0.30/turn                (no ring)
MPRegen 0.15/turn                (no ring)

@: berserking (expiring), very quick
A: sickness immunity, AC +5, negative energy resistance 1, electricity
resistance, torment resistance 1, petrification resistance
a: Renounce Religion


You were on level 7 of the Dungeon.
You worshipped Vehumet.
Vehumet was aware of your devotion.
You visited 1 branch of the dungeon, and saw 7 of its levels.

You collected 372 gold pieces.
You spent 140 gold pieces at shops.


Innate Abilities, Weirdness & Mutations

You are immune to sickness and miasma.
Your stone body is resilient. (AC +5)
You are immune to poison.
You resist negative energy. (rN+)
You are resistant to electric shocks. (rElec)
You are resistant to unholy torment.
You are immune to petrification.


   Skills:
 - Level 1.5 Dodging
 - Level 2.1 Stealth
 + Level 5.4 Spellcasting
 * Level 8.1 Conjurations
 - Level 0.7 Transmutations
 + Level 7.7 Earth Magic


You had 11 spell levels left.
You knew the following spells:

 Your Spells              Type           Power      Damage    Failure   Level
a - Sandblast             Erth           72%        2d16      1%          1
b - Stone Arrow           Conj/Erth      74%        3d11      1%          3
c - Passwall              Tmut/Erth      18%        N/A       3%          2

Your spell library contained the following spells:

 Spells                   Type           Power      Damage    Failure   Level
 Shock                    Conj/Air       84%        1d8       1%          1
 Summon Small Mammal      Summ           20%        N/A       11%         1
 Mephitic Cloud           Conj/Pois/Air  16%        N/A       11%         3
 Poisonous Vapours        Pois/Air       10%        N/A       17%         2
 Petrify                  Tmut/Erth      22%        N/A       19%         4
 Call Canine Familiar     Summ           5%         N/A       32%         3
 Summon Guardian Golem    Hex/Summ       5%         N/A       32%         3
 Cigotuvi's Dreadful Rot  Necr/Pois/Air  Unusable   N/A       N/A         2

Inventory:

Hand Weapons
 t - the +5 glaive of Integrity (weapon) {venom, Contam Int+2 Stlth+}
   (You found it on level 4 of the Dungeon)

   Int:       It affects your intelligence (+2).
   Contam:    It causes magical contamination when unequipped.
   Stlth:     It makes you more stealthy.
Missiles
 c - 20 poisoned darts
 d - 5 boomerangs
 g - 57 stones
Armour
 a - a +0 robe (worn)
 h - a +0 cloak (worn)
   (You found it on level 1 of the Dungeon)
 l - a +0 helmet (worn)
   (You found it on level 2 of the Dungeon)
Magical Staves
 q - a staff of poison {!a}
   (You took it off a kobold on level 3 of the Dungeon)
Jewellery
 C - a ring of ice
   (You found it on level 5 of the Dungeon)
 F - the ring of Benevolence {Fire Will- rCorr Int+5 Stlth+}
   (You found it on level 2 of the Dungeon)

   [ring of fire]

   It enhances your fire magic.
   Int:       It affects your intelligence (+5).
   rF:        It protects you from fire.
   rC:        It makes you vulnerable to cold.
   rCorr:     It protects you from acid and corrosion.
   Will:      It decreases your willpower.
   Stlth:     It makes you more stealthy.
Wands
 v - a wand of roots (4)
   (You took it off Ijyb on level 4 of the Dungeon)
 y - a wand of flame (14)
   (You found it on level 4 of the Dungeon)
Scrolls
 m - 5 scrolls of teleportation {@r4}
 o - 2 scrolls of magic mapping {!r}
 z - a scroll of blinking {!r}
 A - a scroll of silence {!r}
Potions
 b - a potion of magic
 e - 2 potions of haste {@q3}
 f - 2 potions of berserk rage {!q}
 i - 2 potions of brilliance
 j - a potion of might
 k - a potion of invisibility
 n - 2 potions of mutation {!q}
 p - a potion of curing {@q1}
 r - 3 potions of flight
 s - a potion of degeneration {!q}
 u - a potion of lignification {!q}
 w - a potion of cancellation
 x - a potion of ambrosia

Dungeon Overview and Level Annotations

Branches:
Dungeon (7/15) Zot: 26928
 Temple: D:4-7

Altars:
Fedhas
Kikubaaqudgha
Nemelex Xobeh
Okawaru
Uskayaw
Vehumet
Yredelemnul

Shops:
D:4 ?=(

Annotations:
D:4 2 transporters
D:5 2 runed translucent doors, AppleFox63's ghost, novice VSGl

#.. #.# ...
###.# ## ..#.#
.. #.#.# .#
#.#.# .# #.#@#
.# #.#y##<#
#.#yy.### .
#.......#
....##.....#.#
...........#.#
.#####...#.#.#
......#.#.#
..>......#.#


You could see 3 killer bees.


Message History

😨 HP[-3]
You take 3 damage, and now have 20/41 hp.
You bump into the rock wall.
The killer bee stings you.
* * * LOW HITPOINT WARNING * * *
The killer bee stings you.
* * * LOW HITPOINT WARNING * * *
Unknown command. 😨 HP[-3]
You take 3 damage, and now have 17/41 hp.
You bump into the rock wall.
The killer bee closely misses you. The killer bee stings you!
* * * LOW HITPOINT WARNING * * *
😨 HP[-1]
You take 1 damage, and now have 16/41 hp.
You bump into the rock wall.
The killer bee stings you!
* * * LOW HITPOINT WARNING * * *
The killer bee closely misses you. 😨 HP[-2]
You take 2 damage, and now have 14/41 hp.
You completely miss the killer bee.
You feel less invigorated.
You feel less confused. The killer bee misses you.
The killer bee closely misses you.
The killer bee stings you but does no damage. 😮 HP[+7]
You regained 7 hp, and now have 21/41 hp.
Unknown command.
You barely miss the killer bee. The killer bee completely misses you.
The killer bee stings you but does no damage.
The killer bee stings you.
* * * LOW HITPOINT WARNING * * *
The killer bee closely misses you. 😨 HP[-5]
You take 5 damage, and now have 16/41 hp.
Really quaff
f - 3 potions of berserk rage {!q}?
A red film seems to cover your vision as you go berserk!
You feel yourself moving faster!
You feel mighty! The killer bee closely misses you.
The killer bee barely misses you. 😨 HP[+8]
You now have 61 max hp (+20).
You regained 8 hp, and now have 24/61 hp.
You slice the killer bee!!
You kill the killer bee!
Vehumet accepts your kill.
The killer bee stings you but does no damage.
Your Conjurations skill increases to level 8!
You miss the killer bee. The killer bee stings you.
* * * LOW HITPOINT WARNING * * *
The killer bee barely misses you. 😨 HP[-5]
You take 5 damage, and now have 19/61 hp.
You barely miss the killer bee. The killer bee stings you.
* * * LOW HITPOINT WARNING * * *
The killer bee closely misses you. 😨 HP[-2]
You take 2 damage, and now have 17/61 hp.
You miss the killer bee.
The killer bee stings you but does no damage.
The killer bee stings you.
* * * LOW HITPOINT WARNING * * *
The killer bee stings you but does no damage. 😨 HP[-1]
You take 1 damage, and now have 16/61 hp.
You miss the killer bee. The killer bee closely misses you.
The killer bee misses you. 😨 HP[+1]
You miss the killer bee.
The killer bee stings you but does no damage.
The killer bee stings you.
* * * LOW HITPOINT WARNING * * *
The killer bee misses you.
Unknown command. 😱 HP[-3]
You take 3 damage, and now have 14/61 hp.
You slice the killer bee!!
You kill the killer bee!
Vehumet accepts your kill. The killer bee closely misses you.
You closely miss the killer bee. The killer bee stings you.
* * * LOW HITPOINT WARNING * * *
The killer bee closely misses you. 😱 HP[-1]
You take 1 damage, and now have 13/61 hp.
Unknown command.
You miss the killer bee. The killer bee stings you.
* * * LOW HITPOINT WARNING * * *
The killer bee barely misses you. x2 😱 HP[-3]
You take 3 damage, and now have 10/61 hp.
You closely miss the killer bee. The killer bee closely misses you.
The killer bee stings you but does no damage.
Unknown command.
You miss the killer bee. The killer bee stings you.
* * * LOW HITPOINT WARNING * * *
The killer bee closely misses you. 😱 HP[-5]
You take 5 damage, and now have 5/61 hp.
You miss the killer bee.
The killer bee stings you but does no damage.
The killer bee stings you!
You die...

Skill      XL: |  1  2  3  4  5  6  7  8 |
---------------+-------------------------+-----
Earth Magic    | 4 5 6 7 |  7.7
Conjurations   | 1 2 3 4 6 8 |  8.1
Spellcasting   | 3 4 5 |  5.4
Dodging        | |  1.5
Stealth        | |  2.1
Transmutations | |  0.7

Action                     |  1- 3 |  4- 6 |  7- 9 || total
---------------------------+-------+-------+-------++-------
  Melee: Glaive            |       |    17 |    55 ||    72
   Cast: Sandblast         |    71 |    41 |    65 ||   177
         Stone Arrow       |     3 |     6 |     4 ||    13
    Use: Scroll            |     3 |    12 |     4 ||    19
         Potion            |       |       |     3 ||     3
   Stab: Sleeping          |       |     1 |       ||     1
 Armour: Robe              |     7 |    10 |    43 ||    60
  Dodge: Dodged            |    29 |    15 |    74 ||   118

Levels and vault maps discovered:
D:1:      dpeg_arrival_chambers_temple_mockup, layout_basic
D:2:      layout_basic, uniq_terence
D:3:      layout_rooms, grunt_temple_overflow_growth_and_decay,
          nicolae_vehumet_radiance, mainiacjoe_overflow_paths
D:4:      gammafunk_steamed_eel, layout_cave_pools, lemuel_doored_altar,
          dancing_weapons_uskayaw, serial_shops, nicolae_shop_behind_doors,
          nicolae_shop_advertising_works [nicolae_subvault_shop_adworks], shop,
          nicolae_square_shop, minmay_misc_feat_nine_boxes, uniq_ijyb,
          uniq_edmund
D:5:      layout_gridville, ebering_ghost_sewer_f, minmay_misc_feat_tiny
D:6:      layout_cave_pools, lemuel_tele_altar
D:7:      layout_basic, tso_oasis_becter, amethyst_overflow_temple_binary,
          temple_statues, uniq_pikel

Notes
Turn   | Place    | Note
-------+----------+-------------------------------------------
     0 | D:1      | kae the Gargoyle Earth Elementalist began the quest for the
                  | Orb.
     0 | D:1      | Reached XP level 1. HP: 10/10 MP: 3/3
     0 | D:1      | magus.rc [v1.11.3]
   128 | D:1      | Reached XP level 2. HP: 14/15 MP: 1/5
   165 | D:1      | Reached skill level 4 in Earth Magic
   277 | D:1      | You pick up a book of Callings and begin reading...
   277 | D:1      | You add the spells Summon Small Mammal, Call Canine
                  | Familiar and Summon Guardian Golem to your library.
   631 | D:1      | Reached XP level 3. HP: 19/19 MP: 4/6
   635 | D:1      | Learned a level 3 spell: Stone Arrow
   638 | D:1      | Learned a level 2 spell: Passwall
  1477 | D:2      | Reached skill level 1 in Conjurations
  1638 | D:2      | Noticed Terence
  2094 | D:2      | HP: 2/19 [Terence/+0 trident (8)]
  2256 | D:2      | Killed Terence
  2257 | D:2      | Reached XP level 4. HP: 24/24 MP: 2/8
  2293 | D:2      | Identified the ring of Benevolence {Fire Will- rCorr Int+5
                  | Stlth+}
  2359 | D:2      | Reached skill level 3 in Spellcasting
  2370 | D:2      | You pick up a book of Vapours and begin reading...
  2370 | D:2      | You add the spells Poisonous Vapours and Mephitic Cloud to
                  | your library.
  2648 | D:3      | Reached skill level 2 in Conjurations
  2696 | D:3      | Found a radiant altar of Vehumet.
  2710 | D:3      | Found an iron altar of Okawaru.
  2928 | D:3      | Became a worshipper of Vehumet
  3019 | D:3      | Found a blossoming altar of Fedhas.
  3019 | D:3      | Found an ancient bone altar of Kikubaaqudgha.
  3141 | D:4      | Found Ippeam's Magic Scroll Boutique.
  3151 | D:4      | Identified the +5 glaive of Integrity {venom, Contam Int+2
                  | Stlth+}
  3160 | D:4      | Bought a scroll of identify for 28 gold pieces
  3160 | D:4      | Bought a scroll of identify for 28 gold pieces
  3160 | D:4      | Bought a scroll of identify for 28 gold pieces
  3163 | D:4      | Bought a scroll of identify for 28 gold pieces
  3163 | D:4      | Bought a scroll of identify for 28 gold pieces
  3177 | D:4      | Noticed Ijyb
  3185 | D:4      | Killed Ijyb
  3186 | D:4      | Reached XP level 5. HP: 13/28 MP: 1/9
  3266 | D:4      | Reached skill level 5 in Earth Magic
  3354 | D:4      | Found Adicvov's Jewellery Shop.
  3387 | D:4      | Noticed Edmund
  3407 | D:4      | Killed Edmund
  3408 | D:4      | Reached skill level 3 in Conjurations
  3408 | D:4      | Reached XP level 6. HP: 25/32 MP: 2/11
  3510 | D:4      | Reached skill level 4 in Conjurations
  3561 | D:4      | Found a transporter.
  3608 | D:4      | Found a transporter.
  3639 | D:4      | Found Roukheav's Antique Weapon Boutique.
  3723 | D:4      | Reached XP level 7. HP: 23/36 MP: 8/12
  3790 | D:4      | Reached skill level 4 in Spellcasting
  3904 | D:4      | Found Voecedgh's Book Shoppe.
  3918 | D:4      | Noticed a +0 hand axe
  3918 | D:4      | Noticed a +0 dagger
  3922 | D:4      | Found a hide-covered altar of Uskayaw.
  3997 | D:4      | Found a basalt altar of Yredelemnul.
  4088 | D:5      | Entered Level 5 of the Dungeon
  4109 | D:5      | Reached skill level 5 in Conjurations
  4119 | D:5      | Reached skill level 6 in Earth Magic
  4209 | D:5      | Found a runed translucent door.
  4212 | D:5      | Noticed AppleFox63's ghost (novice VSGl)
  4257 | D:5      | Found a runed translucent door.
  4524 | D:5      | HP: 9/36 [gnoll/+0 halberd (6)]
  4929 | D:6      | Reached skill level 6 in Conjurations
  4929 | D:6      | Reached XP level 8. HP: 31/41 MP: 6/14
  5001 | D:6      | Reached skill level 7 in Earth Magic
  5039 | D:6      | Reached * piety under Vehumet
  5039 | D:6      | Offered knowledge of Shock by Vehumet.
  5046 | D:6      | Reached skill level 7 in Conjurations
  5050 | D:6      | Reached skill level 5 in Spellcasting
  5526 | D:6      | Found a sparkling altar of Nemelex Xobeh.
  5749 | D:7      | HP: 5/41 [killer bee (7)]
  5762 | D:7      | Reached skill level 8 in Conjurations
  5766 | D:7      | HP: 14/61 [killer bee (3)]
  5771 | D:7      | HP: 5/61 [killer bee (6)]
  5772 | D:7      | Slain by a killer bee

Vanquished Creatures
  Edmund (D:4)
  A water moccasin (D:6)
  2 ice beasts (D:6)
  An ogre (D:4)
  A necrophage (D:6)
  A bullfrog (D:6)
  A gnoll sergeant (D:6)
  A scorpion (D:5)
  3 killer bees (D:7)
  2 howler monkeys
  8 hounds
  A jelly (D:6)
  3 iguanas
  Ijyb (D:4)
  Terence (D:2)
  An orc wizard (D:6)
  13 gnolls
  2 adders
  2 white imps
  4 worms
  2 dart slugs
  6 orcs
  11 ball pythons
  9 endoplasms
  3 giant cockroaches
  A hobgoblin (D:4)
  4 quokkas
  6 bats
  5 frilled lizards
  3 goblins
  7 kobolds
  6 rats
113 creatures vanquished.

Table legend:
 A = Non-vault XP
 B = Vault XP
 C = Vault XP percentage of total XP
 D = Non-vault monster count
 E = Vault monster count
 F = Vault count percentage of total count
                 A         B        C        D         E       F
            +---------+---------+-------+---------+---------+-------
      Total |    2060 |     230 |  10.0 |     110 |       3 |   2.7
            +---------+---------+-------+---------+---------+-------
        D:1 |      40 |       0 |   0.0 |      26 |       0 |   0.0
        D:2 |      32 |      36 |  52.9 |      15 |       1 |   6.2
        D:3 |      42 |       0 |   0.0 |      14 |       0 |   0.0
        D:4 |     342 |     194 |  36.2 |      18 |       2 |  10.0
        D:5 |     344 |       0 |   0.0 |      12 |       0 |   0.0
        D:6 |    1077 |       0 |   0.0 |      22 |       0 |   0.0
        D:7 |     183 |       0 |   0.0 |       3 |       0 |   0.0
            +---------+---------+-------+---------+---------+-------

Illustrated notes

Table legend:
 A = Kills in this place as a percentage of kills in entire the game.
 B = Kills by you in this place as a percentage of kills by you in the entire game.
 C = Kills by friends in this place as a percentage of kills by friends in the entire game.
 D = Other kills in this place as a percentage of other kills in the entire game.
 E = Experience gained in this place as a percentage of experience gained in the entire game.
 F = Experience gained in this place divided by the number of levels of this place that you have seen.
                   A       B       C       D       E      F
               +-------+-------+-------+-------+-------+----------------------
         Total | 100.0 | 100.0 |   N/A |   N/A | 100.0 | 327.1
       Dungeon | 100.0 | 100.0 |   N/A |   N/A | 100.0 | 327.1
               +-------+-------+-------+-------+-------+----------------------

Table legend: (Time is in decaauts)
 A = Elapsed time spent in this place.
 B = Non-inter-level travel time spent in this place.
 C = Inter-level travel time spent in this place.
 D = Time resting spent in this place.
 E = Time spent auto-exploring this place.
 F = Levels seen in this place.
 G = Mean time per level.
                   A        B        C        D        E       F      G
               +--------+--------+--------+--------+--------+-----+--------+
         Total |   5909 |   5679 |    230 |    478 |   4238 |   7 |  844.1 |
       Dungeon |   5909 |   5679 |    230 |    478 |   4238 |   7 |  844.1 |
               +--------+--------+--------+--------+--------+-----+--------+

Top non-repeatable levels by time:
     D:1: 1489 daAuts
     D:2: 1107 daAuts
     D:4: 1014 daAuts
     D:5: 847 daAuts
     D:6: 822 daAuts
     D:3: 558 daAuts
     D:7: 70 daAuts
